 Dungeon Crawl Stone Soup version 0.30-a0-782-ge64f9170bb (webtiles) character file.

Game seed: 5579145356447720579

51 Bnni the Stinger (level 4, -1/31 (32) HPs)
             Began as a Formicid Venom Mage on Mar 1, 2023.
             Slain by Ijyb
             ... wielding a +2 dagger of draining
              (5 damage)
             ... on level 2 of the Dungeon.
             The game lasted 00:02:21 (1260 turns).

Bnni the Stinger (Formicid Venom Mage)              Turns: 1260, Time: 00:02:21

HP:   -1/31 (32)    AC:  0    Str: 14    XL:     4   Next: 7%
MP:   3/8           EV: 17    Int: 15    God:
Gold: 93            SH:  0    Dex: 14    Spells: 5/8 levels left

rFire   . . .      SeeInvis +    d - +1 dagger (venom)
rCold   . . .      Faith    .    (no shield)
rNeg    . . .      Spirit   .    c - +2 robe {Will+}
rPois   .          Reflect  .    (helmet unavailable)
rElec   .          Harm     .    (no cloak)
rCorr   .          Rampage  .    (no gloves)
Will    +....                    (no boots)
Stlth   ++                       (no amulet)
HPRegen 0.25/turn                m - +5 ring of evasion
MPRegen 0.11/turn                (no ring)

@: corroded, lightly drained
A: permanent stasis, dig shafts and tunnels, antennae 3, four strong arms
a: Dig, Shaft Self


You were on level 2 of the Dungeon.
You visited 1 branch of the dungeon, and saw 2 of its levels.

You collected 93 gold pieces.

Inventory:

Hand Weapons
 d - a +1 dagger of venom (weapon)
Armour
 c - a +2 robe of willpower (worn)
Jewellery
 i - a ring of fire
 m - a +5 ring of evasion (left hand)
Scrolls
 a - a scroll of magic mapping {unknown}
 e - a scroll of enchant armour {unknown}
 f - a scroll of identify {unknown}
 j - a scroll of teleportation {unknown}
Potions
 b - a potion of magic
 g - 3 potions of curing {unknown}
 h - a potion of might {unknown}
 k - a potion of flight {unknown}
 l - a potion of invisibility {unknown}


   Skills:
 + Level 1.5 Fighting
 - Level 1.7 Dodging
 - Level 2.4 Stealth
 + Level 2.8 Spellcasting
 - Level 1.1 Transmutations
 * Level 5.2 Poison Magic


You had 5 spell levels left.
You knew the following spells:

 Your Spells              Type           Power      Damage    Failure   Level
a - Sting                 Tmut/Pois      44%        1d5       5%          1
b - Poisonous Vapours     Pois/Air       18%        N/A       11%         2

Your spell library contained the following spells:

 Spells                   Type           Power      Damage    Failure   Level
 Apportation              Tloc           4%         N/A       21%         1
 Olgreb's Toxic Radiance  Pois           17%        N/A       24%         4
 Mephitic Cloud           Conj/Pois/Air  7%         N/A       30%         3
 Alistair's Intoxication  Tmut/Pois      7%         N/A       83%         5


Dungeon Overview and Level Annotations

Branches:
Dungeon (2/15)

Altars:

Annotations:
D:2 Ijyb


Innate Abilities, Weirdness & Mutations

You cannot be hasted, slowed, berserked, paralysed or teleported.
You can dig through walls and to a lower floor.
You have a pair of large antennae on your head. (SInv)
Your four strong arms can wield two-handed weapons with a shield.


Message History

The goblin hits you but does no damage.
You hit the goblin.
The goblin is severely wounded.
You kill the goblin!
You hit Ijyb but do no damage.
Ijyb is poisoned.
Ijyb screams, "No!
No, no, no, no!"
Ijyb zaps a wand.
The bolt of acid hits you!
Ouch! That really hurt!
Press: ? - help, v - describe, . - travel, g - get item
Here: Ijyb, wielding a +2 dagger of draining, wearing a +0 leather armour and carrying a wand of acid (4) (very poisoned)
Items here: )))) ? †††.
The floor, spattered with blood.
Unknown command.
You have nothing you can fire or use right now.
Unknown command.
You aren't carrying any items that you can evoke.
Unknown command.
Unknown command.
Ijyb is nearby!
Unknown command.
Casting: Poisonous Vapours (safe; 11% risk of failure)
Confirm with . or Enter, or press ? or * to list all spells.
Aiming: Poisonous Vapours (safe; 11% risk of failure)
Press: ? - help, Dir - move target, f - Ijyb
Aim: Ijyb, wielding a +2 dagger of draining, wearing a +0 leather armour and carrying a wand of acid (4) (very poisoned) Poisonous vapours surround Ijyb!
Ijyb looks even sicker.
Ijyb hits you with a +2 dagger of draining.
You feel drained.
You hit Ijyb but do no damage.
Ijyb looks as sick as possible!
Ijyb zaps a wand.
The bolt of acid hits you.
* * * LOW HITPOINT WARNING * * *
The acid corrodes you!
Casting: Poisonous Vapours (safe; 11% risk of failure)
Confirm with . or Enter, or press ? or * to list all spells.
Aiming: Poisonous Vapours (safe; 11% risk of failure)
Press: ? - help, Dir - move target, f/p - Ijyb
Aim: Ijyb, wielding a +2 dagger of draining, wearing a +0 leather armour and carrying a wand of acid (3) (lightly wounded, extremely poisoned) Poisonous vapours surround Ijyb!
Ijyb looks as sick as possible!
Ijyb hits you with a +2 dagger of draining.
You die...

#..#..# #.....#.#
#...#.####.....#.#
#.......).....#.#
##.######.....#.#
{ #.# #.....#.#
#.# #######.# ....
#.# #.# ..g. #.#
#)# g.... #.#####
#@# ..{.. #†....#
##g##8.....
#####.#
##...#...... #.#
##........... #.#
#.......####. #
#.# #.....)...# #
#.# ##............
## #.#
##.....#.#### .#
#.# ##....#.#


You could see Ijyb (extremely poisoned).

Vanquished Creatures
  An adder (D:2)
  A dart slug (D:2)
  4 ball pythons
  6 endoplasms (D:1)
  3 giant cockroaches
  9 goblins
  A hobgoblin (D:1)
  3 quokkas
  4 bats
  A frilled lizard (D:1)
  2 kobolds
  A rat (D:1)
36 creatures vanquished.

Notes
Turn   | Place    | Note
-------+----------+-------------------------------------------
     0 | D:1      | Bnni the Formicid Venom Mage began the quest for the Orb.
     0 | D:1      | Reached XP level 1. HP: 13/13 MP: 3/3
   238 | D:1      | Reached XP level 2. HP: 20/20 MP: 1/5
   286 | D:1      | Learned a level 2 spell: Poisonous Vapours
   417 | D:1      | You fall into a shaft and drop 1 floor!
   605 | D:1      | Reached skill level 1 in Fighting
   785 | D:1      | Reached XP level 3. HP: 26/26 MP: 6/6
  1028 | D:2      | Reached skill level 5 in Poison Magic
  1252 | D:2      | Reached XP level 4. HP: 32/32 MP: 6/8
  1254 | D:2      | Noticed Ijyb
  1260 | D:2      | Slain by Ijyb

Illustrated notes

Levels and vault maps discovered:
D:1:      scummos_arrival_forest, layout_loops_cross
D:2:      kennysheep_the_goblin_king, layout_loops_ring

Skill      XL: |  1  2  3 |
---------------+----------+-----
Fighting       | 1 |  1.5
Poison Magic   | 5 |  5.2
Dodging        | |  1.7
Stealth        | |  2.4
Spellcasting   | |  2.8
Transmutations | |  1.1

Action                     |  1- 3 |  4- 6 || total
---------------------------+-------+-------++-------
  Melee: Club              |     4 |       ||     4
         Unarmed           |     2 |       ||     2
         Dagger            |    57 |     7 ||    64
   Cast: Sting             |    18 |       ||    18
         Poisonous Vapours |       |     2 ||     2
Ability: Dig               |     1 |       ||     1
   Stab: Sleeping          |     6 |       ||     6
 Armour: Robe              |    15 |     2 ||    17
  Dodge: Dodged            |    44 |       ||    44

Table legend: (Time is in decaauts)
 A = Elapsed time spent in this place.
 B = Non-inter-level travel time spent in this place.
 C = Inter-level travel time spent in this place.
 D = Time resting spent in this place.
 E = Time spent auto-exploring this place.
 F = Levels seen in this place.
 G = Mean time per level.
                   A        B        C        D        E       F      G
               +--------+--------+--------+--------+--------+-----+--------+
         Total |   1259 |   1233 |     26 |     44 |    913 |   2 |  629.5 |
       Dungeon |   1259 |   1233 |     26 |     44 |    913 |   2 |  629.5 |
               +--------+--------+--------+--------+--------+-----+--------+

Top non-repeatable levels by time:
     D:1: 841 daAuts
     D:2: 417 daAuts
